 Dungeon Crawl Stone Soup version 0.30-a0-964-gd452b5e7fa (webtiles) character file.

Game seed: 1868504286110976501

808 DeathPants the Grave Robber (level 7, -2/37 HPs)
             Began as a Vine Stalker Necromancer on Mar 30, 2023.
             Splashed by a jelly's acid (6 damage)
             ... on level 5 of the Dungeon.
             The game lasted 00:12:56 (3725 turns).

DeathPants the Grave Robber (VSNe)                  Turns: 3725, Time: 00:12:58

Health: -2/37      AC: -9    Str: 10    XL:     7   Next: 92%
Magic:  0/15       EV: 13    Int: 15    God:
Gold:   211        SH:  5    Dex: 17    Spells: 6/15 levels left

rFire   . . .      SeeInvis .    n - +2 dagger (spect)
rCold   + . .      Faith    .    (no shield)
rNeg    . . .      Spirit   +    a - +0 robe
rPois   .          Reflect  +    (no helmet)
rElec   .          Rampage  .    (no cloak)
rCorr   .                        j - +0 pair of gloves
Will    .....                    (no boots)
Stlth   +++                      i - amulet of reflection
HPRegen 1.06/turn                l - ring of protection from cold
MPRegen 0.14/turn                (no ring)

@: corroded
A: fangs 2, regeneration 1, magic shield, antimagic bite, no potion heal 2
a: no special abilities


You were on level 5 of the Dungeon.
You visited 1 branch of the dungeon, and saw 6 of its levels.

You collected 211 gold pieces.

Inventory:

Hand Weapons
 n - a +2 spectral dagger (weapon)
Missiles
 k - 10 poisoned darts
 m - 4 javelins
 t - 3 boomerangs
Armour
 a - a +0 robe (worn)
 j - a +0 pair of gloves (worn)
Jewellery
 i - an amulet of reflection (around neck)
 l - a ring of protection from cold (left hand)
Wands
 o - a wand of paralysis (5)
 r - a wand of flame (8)
Scrolls
 d - 2 scrolls of blinking
 f - 3 scrolls of teleportation
 g - a scroll of amnesia
 p - 2 scrolls of identify
 q - a scroll of enchant weapon
 s - a scroll of brand weapon
Potions
 b - a potion of magic
 c - 3 potions of might
 e - 2 potions of curing
 h - a potion of brilliance


   Skills:
 + Level 3.7 Fighting
 - Level 2.4 Dodging
 + Level 5.2 Stealth
 + Level 4.7 Spellcasting
 + Level 5.8 Necromancy


You had 6 spell levels left.
You knew the following spells:

 Your Spells              Type           Power      Damage    Failure   Level
a - Necrotise             Necr           84%        1d8       1%          1
b - Vampiric Draining     Necr           21%        2d7       4%          3
c - Agony                 Necr           21%        N/A       38%         5

Your spell library contained the following spells:

 Spells                   Type           Power      Damage    Failure   Level
 Animate Dead             Necr           21%        N/A       16%         4
 Borgnjor's Vile Clutch   Necr/Erth      6%         N/A       80%         5
 Death Channel            Necr           10%        N/A       93%         6


Dungeon Overview and Level Annotations

Branches:
Dungeon (6/15)
 Temple: D:4-7

Altars:
Cheibriados
Makhleb
Qazlal
Wu Jian
Xom


Innate Abilities, Weirdness & Mutations

You have extremely sharp teeth.
Your natural rate of healing is unusually fast.
When hurt, damage is shared between your health and your magic reserves.
Your bite disrupts and absorbs the magic of your enemies.
Potions cannot restore your health.


Message History

You block the phantom's attack. The phantom attacks as you move away!
You block the phantom's attack. The jelly hits you. The acid corrodes you!
You are splashed with acid!
The phantom attacks as you move away! The phantom hits you. The jelly hits you.
You are splashed with acid!
You hit the jelly but do no damage.
Your hands burn!
You bite the jelly. You drain its power.
You feel invigorated.
The jelly is moderately wounded.
Your +2 spectral dagger hits the jelly but does no damage.
Your +2 spectral dagger is burned by acid!
Your spectral weapon shares its damage with you!
The phantom hits you! The jelly misses you.
You hit the jelly but do no damage. The acid corrodes you!
Your hands burn!
You bite the jelly. You drain its power.
You feel invigorated.
The jelly is moderately wounded.
Your +2 spectral dagger hits the jelly.
Your +2 spectral dagger is burned by acid!
Your spectral weapon shares its damage with you!
* * * LOW HITPOINT WARNING * * *
The phantom hits you!
* * * LOW HITPOINT WARNING * * *
The phantom blinks!
You blink.
The jelly hits your +2 spectral dagger.
Your spectral weapon shares its damage with you!
Your +2 spectral dagger is splashed with acid.
Your spectral weapon shares its damage with you!
* * * LOW HITPOINT WARNING * * *
You miss the phantom. Your bite misses the phantom.
The phantom is heavily damaged.
Your +2 spectral dagger closely misses the phantom.
The phantom hits you.
* * * LOW HITPOINT WARNING * * *
The phantom blinks!
You blink.
The phantom attacks as you move away! The phantom hits you.
* * * LOW HITPOINT WARNING * * *
The phantom attacks as you move away! The phantom barely misses you.
The jelly attacks as you move away! The jelly barely misses you.
The jelly attacks as you move away! The jelly hits you.
* * * LOW HITPOINT WARNING * * *
The acid corrodes you!
You are splashed with acid!
You die...

.# ..# .....#...# ..
... ##......... ..
##.####.>.......# ..
#..............# ..
##................
##
##.................
#
.#.........#........
#
.[.......JJ........#
.#
##......W@.......#..
.#
##..............###.
.
....................
.
.....#####..........
. ..... #..........
. ##... #..........
. ##..## #.#........
###..####.#........
.......#...........


You could see a phantom and 2 jellies.

Vanquished Creatures
  2 black bears (D:5)
  An ogre (D:5)
  A centaur (D:5)
  A phantom (D:5)
  A scorpion (D:5)
  A hound (D:5)
  An orc priest (D:3)
  A jelly (D:4)
  An iguana (D:4)
  Natasha (thrice) (D:3)
  4 gnolls (D:2)
  3 adders
  2 worms
  5 dart slugs
  7 orcs (D:3)
  2 bats
  7 endoplasms
  A giant cockroach (D:3)
  4 goblins
  4 hobgoblins
  2 jackals (D:4)
  2 quokkas
  6 ball pythons
  4 frilled lizards
  2 kobolds
  5 rats
73 creatures vanquished.

Vanquished Creatures (collateral kills)
  2 bats
  A goblin (D:1)
3 creatures vanquished.

Grand Total: 76 creatures vanquished

Notes
Turn   | Place    | Note
-------+----------+-------------------------------------------
     0 | D:1      | DeathPants the Vine Stalker Necromancer began the quest for
                  | the Orb.
     0 | D:1      | Reached XP level 1. HP: 9/9 MP: 4/4
   118 | D:1      | Reached XP level 2. HP: 12/14 MP: 6/6
   500 | D:1      | Reached XP level 3. HP: 14/17 MP: 4/7
   620 | D:1      | Reached skill level 1 in Fighting
  1007 | D:2      | You fall into a shaft and drop 1 floor!
  1008 | D:3      | Noticed Natasha
  1018 | D:3      | Killed Natasha
  1019 | D:3      | Gained mutation: Your natural rate of healing is unusually
                  | fast. [Vine Stalker growth]
  1019 | D:3      | Reached XP level 4. HP: 22/22 MP: 9/9
  1085 | D:2      | Found Kuiritz's Jewellery Shoppe.
  1185 | D:2      | Reached XP level 5. HP: 14/26 MP: 3/10
  1267 | D:2      | Learned a level 3 spell: Vampiric Draining
  1273 | D:2      | Learned a level 5 spell: Agony
  2030 | D:3      | Noticed Natasha
  2040 | D:3      | Killed Natasha
  2351 | D:3      | Found a faded altar of an unknown god.
  2490 | D:3      | Noticed Natasha
  2499 | D:3      | Killed Natasha
  2500 | D:3      | Reached XP level 6. HP: 25/31 MP: 6/12
  2585 | D:4      | Reached skill level 5 in Necromancy
  2669 | D:5      | Entered Level 5 of the Dungeon
  2860 | D:4      | Found a shimmering altar of Xom.
  2863 | D:4      | Found a snail-covered altar of Cheibriados.
  2867 | D:4      | Found a burning altar of Makhleb.
  2867 | D:4      | Found a stormy altar of Qazlal.
  2874 | D:4      | Found an ornate altar of the Wu Jian Council.
  2916 | D:5      | Reached XP level 7. HP: 27/35 MP: 12/14
  3482 | D:5      | Reached skill level 5 in Stealth
  3725 | D:5      | Splashed by a jelly's acid

Illustrated notes

Levels and vault maps discovered:
D:1:      saegor_arrival_simple_e, layout_basic, minmay_pentomino_u2
D:2:      layout_loops_ring, serial_shops, nicolae_shop_behind_doors,
          serial_bayou_pond_d
D:3:      layout_loops_ring, basic_ecumenical_altar,
          minmay_misc_feat_four_crosses, grunt_decor_arrowhead, minivault_24,
          guppyfry_early_lair_pool, uniq_natasha
D:4:      layout_basic, nicolae_overflow_hallway_of_the_gods
D:5:      layout_cave_pools
D:6:      layout_basic, mainiacjoe_overflow_cross_hatched,
          worldfamousw_hep_ancestral_shrine, minmay_temple_entry_junction

Skill      XL: |  1  2  3  4  5  6  7 |
---------------+----------------------+-----
Dodging        | 2 |  2.4
Fighting       | 1 2 3 |  3.7
Spellcasting   | 3 4 |  4.7
Stealth        | 3 4 5 |  5.2
Necromancy     | 5 |  5.8

Action                     |  1- 3 |  4- 6 |  7- 9 || total
---------------------------+-------+-------+-------++-------
  Melee: Unarmed           |    10 |       |       ||    10
         Bite              |    17 |    38 |    16 ||    71
         Dagger            |    41 |   118 |    44 ||   203
         Punch             |       |     1 |       ||     1
   Cast: Necrotise         |    23 |    16 |     3 ||    42
         Vampiric Draining |       |       |     2 ||     2
    Use: Scroll            |     2 |     9 |       ||    11
   Stab: Sleeping          |     2 |     4 |     1 ||     7
         Distracted        |       |     1 |     2 ||     3
 Armour: Robe              |    20 |    16 |     7 ||    43
  Dodge: Dodged            |    44 |    63 |    35 ||   142
  Block: Other             |       |     8 |    14 ||    22

Table legend: (Time is in decaauts)
 A = Elapsed time spent in this place.
 B = Non-inter-level travel time spent in this place.
 C = Inter-level travel time spent in this place.
 D = Time resting spent in this place.
 E = Time spent auto-exploring this place.
 F = Levels seen in this place.
 G = Mean time per level.
                   A        B        C        D        E       F      G
               +--------+--------+--------+--------+--------+-----+--------+
         Total |   3729 |   3674 |     55 |    262 |   2348 |   6 |  621.5 |
       Dungeon |   3729 |   3674 |     55 |    262 |   2348 |   6 |  621.5 |
               +--------+--------+--------+--------+--------+-----+--------+

Top non-repeatable levels by time:
     D:1: 916 daAuts
     D:2: 828 daAuts
     D:3: 809 daAuts
     D:4: 778 daAuts
     D:5: 396 daAuts
     D:6: 1 daAuts
